 Dungeon Crawl Stone Soup version 0.18.1-50-g88ac8fd (webtiles) character file.

305 Soren1977 the Ducker (level 6, -1/51 HPs)
             Began as a Minotaur Gladiator on May 5, 2017.
             Slain by an ogre
             ... wielding a +0 giant club
              (14 damage)
             ... on level 4 of the Dungeon on May 6, 2017.
             The game lasted 00:29:36 (2540 turns).

Soren1977 the Ducker (Minotaur Gladiator)           Turns: 2540, Time: 00:29:36

Health: -1/51      AC:  7    Str: 20    XL:     6   Next: 16%
Magic:  5/5        EV:  8    Int:  5    God:
Gold:   159        SH:  0    Dex: 12    Spells: 0 memorised, 5 levels left

rFire  . . .     SeeInvis .     s - +2 spear (freeze)
rCold  . . .     Gourm    .     o - +1 ring mail
rNeg   . . .     Faith    .     (no shield)
rPois  .         Spirit   .     c - +0 hat
rElec  .         Dismiss  .     (no cloak)
rCorr  .         Reflect  .     u - +0 pair of gloves
SustAt .         Harm     .     (no boots)
MR     .....                    (no amulet)
Stlth  +.........               (no ring)
                                (no ring)

@: very slightly contaminated, invisible, not resistant to hostile enchantments,
very unstealthy
A: retaliatory headbutt, horns 2
a: no special abilities


You were on level 4 of the Dungeon.
You were not hungry.

You visited 1 branch of the dungeon, and saw 4 of its levels.

You collected 159 gold pieces.

Inventory:

Hand Weapons
 a - a +0 trident
 e - a +0 short sword
 j - a +0 club
 l - a +0 club
 p - a +0 dagger
 s - a +2 spear of freezing (weapon)
 v - a +0 club
 I - a +0 rapier
Missiles
 d - 2 throwing nets (quivered)
 y - 29 bolts
Armour
 b - a +0 leather armour
 c - a +0 hat (worn)
 h - a +0 robe
 n - a +0 plate armour
 o - a +1 ring mail (worn)
 u - a +0 pair of gloves (worn)
 x - a +0 ring mail
 E - a +0 ring mail
 H - a +0 scale mail
Scrolls
 i - a scroll of enchant armour
 q - 5 scrolls of remove curse
 w - a scroll of blinking {unknown}
 D - 3 scrolls of fear
 F - a scroll of random uselessness {unknown}
Potions
 k - 2 potions of degeneration
 z - a potion of heal wounds {unknown}
Books
 C - a book of Fire

   Spells                             Type                      Level
   a - Ignite Poison                  Fire/Transmutation/Poison    3
   b - Fireball                       Conjuration/Fire             5
   c - Bolt of Fire                   Conjuration/Fire             6
   d - Delayed Fireball               Conjuration/Fire             7
   e - Ring of Flames                 Charms/Fire                  7
Comestibles
 f - 3 bread rations
 m - a meat ration
 t - a chunk of flesh
 A - a beef jerky
 B - a royal jelly
 G - a slice of pizza


   Skills:
 + Level 3.0 Fighting
 + Level 4.5 Polearms
 + Level 2.5 Throwing
 + Level 3.1 Armour
 + Level 5.5 Dodging
 + Level 1.4 Stealth


You had 5 spell levels left.
You didn't know any spells.

Dungeon Overview and Level Annotations

Branches:
Dungeon (4/15)
 Temple: D:4-7

Altars:
Pakellas

Shops:
D:2 }

Annotations:
D:4 Dowan; Duvessa; mdk's ghost, amateur DECj


Innate Abilities, Weirdness & Mutations

You reflexively headbutt those who attack you in melee.
You have a pair of horns on your head.


Message History

You furiously retaliate!
You headbutt the orc.
You kill the orc!
You feel better. The ogre barely misses you.
Duvessa hits you with a short sword. The orc barely misses you. x2
You fade into invisibility!
Duvessa hits you but does no damage. The ogre closely misses you.
The orc closely misses you. x2
You are very lightly contaminated with residual magic.
The ogre barely misses you.
You hit the ogre. You freeze the ogre.
The ogre is lightly wounded.
The ogre hits you with a giant club!
* * * LOW HITPOINT WARNING * * *
Duvessa closely misses you. You furiously retaliate!
You headbutt Duvessa, but do no damage.
Dowan gestures at Duvessa while chanting.
Duvessa seems to speed up.
There is a stone staircase leading down here.
The ogre hits you with a giant club!
You die...

#...........†.e.#
##########.....e#
#......# #......#
#......# #.....e##
####.oo.#####
######.O.....#
#......@.###...
#.#......###...
#.#.#..........
#.#.#.#.......#
#.#.#.#.#...#.#
#.#.#.#.#.#.# #
########.#.#.#.#.#.# #
#..........#.#.#...#.#
#.#######..#.#.......#


You could see Duvessa, an ogre, Dowan and 2 orcs.

Vanquished Creatures
  A phantom (D:4)
  The ghost of skipper the Skirmisher, a weakling DrCK of Xom (D:3)
  A giant frog skeleton (D:3)
  Ijyb (D:3)
  4 adders (D:3)
  An ooze (D:1)
  3 worms
  A dart slug (D:1)
  2 orcs (D:4)
  9 bats
  4 giant cockroaches
  4 goblins
  9 hobgoblins
  7 jackals
  7 kobolds
  A quokka (D:3)
  3 giant newts
  7 rats
66 creatures vanquished.

Notes
Turn   | Place    | Note
--------------------------------------------------------------
     0 | D:1      | Soren1977 the Minotaur Gladiator began the quest for the Orb.
     0 | D:1      | Reached XP level 1. HP: 18/18 MP: 0/0
   104 | D:1      | Reached XP level 2. HP: 25/25 MP: 1/1
   649 | D:2      | Reached XP level 3. HP: 30/30 MP: 2/2
   881 | D:2      | Found an oddly glowing altar of Pakellas.
   881 | D:2      | Found Pakellas's Prime Provisions.
  1024 | D:2      | Reached skill level 4 in Dodging
  1453 | D:3      | Reached XP level 4. HP: 36/37 MP: 3/3
  1548 | D:3      | Reached skill level 1 in Armour
  1583 | D:3      | Noticed Ijyb
  1587 | D:3      | Killed Ijyb
  1710 | D:3      | Reached XP level 5. HP: 43/44 MP: 4/4
  1806 | D:3      | Reached skill level 1 in Stealth
  1937 | D:3      | Noticed skipper's ghost (weakling DrCK)
  1943 | D:3      | Killed skipper's ghost
  1943 | D:3      | Reached skill level 5 in Dodging
  2411 | D:4      | Noticed a phantom
  2433 | D:4      | Killed a phantom
  2433 | D:4      | Reached XP level 6. HP: 49/51 MP: 5/5
  2495 | D:4      | Noticed Duvessa
  2496 | D:4      | Noticed Dowan
  2497 | D:4      | Noticed mdk's ghost (amateur DECj)
  2540 | D:4      | Slain by an ogre

Skill      XL: |  1  2  3  4  5 |
---------------+----------------+-----
Polearms       | 4 |  4.5
Dodging        | 4 5 |  5.5
Armour         | 2 3 |  3.1
Stealth        | 1 |  1.4
Fighting       | 3 |  3.0
Throwing       | |  2.5

Action                   |  1- 3 |  4- 6 || total
-------------------------+-------+-------++-------
Melee: Trident           |    55 |       ||    55
       Headbutt          |     8 |    11 ||    19
       Spear             |    29 |    79 ||   108
Throw: Throwing net      |     7 |     2 ||     9
  Use: Scroll            |     4 |     6 ||    10
       Potion            |       |     2 ||     2
 Stab: Held in net/web   |     3 |       ||     3
  Eat: Bread ration      |     1 |     1 ||     2
Armor: Leather armour    |    19 |       ||    19
       Ring mail         |     8 |    25 ||    33
Dodge: Dodged            |    61 |    81 ||   142
